 Dungeon Crawl Stone Soup version 0.31-a0-360-gb3e1d13bf4 (webtiles) character file.

Game seed: 7164330883281468571

1559 Dordric the Ruffian (level 8, -2/117 HPs)
             Began as a Troll Shapeshifter on July 26, 2023.
             Slain by a lemure (7 damage)
             ... led by Pikel
             ... on level 5 of the Dungeon.
             The game lasted 00:03:37 (5299 turns).

Dordric the Ruffian (Troll Shapeshifter)            Turns: 5299, Time: 00:03:38

Health: -2/117     AC: 24    Str: 24    XL:     8   Next: 58%
Magic:  16/16      EV:  1    Int:  4    God:
Gold:   356        SH:  0    Dex: 12    Spells: 7/7 levels left

rFire   x .          .
                       - Unarmed
rCold   . . .        (no shield)
rNeg    + + .        a - melded +0 animal skin
rPois   +            (helmet currently unavailable)
rElec   .            (cloak currently unavailable)
rCorr   +            (gloves unavailable)
SInv    .            (boots unavailable)
Will    .....        (no amulet)
Stlth   ++           v - ring "Juocavon" {rPois rF- rN++ MP+9 Stlth+}
HPRegen 1.19/turn    h - ring of resist corrosion
MPRegen 0.15/turn

%: no passive effects
@: tree-form
A: stationary, stasis, torment immunity, boosted hp, large, unfitting armour,
(claws 3), regeneration 1, (shaggy fur 1), (tough skin 1)
a: no special abilities


You were on level 5 of the Dungeon.
You were a tree.
You visited 1 branch of the dungeon, and saw 6 of its levels.

You collected 356 gold pieces.

Inventory:

Armour
 a - a +0 animal skin (melded)
Jewellery
 h - a ring of resist corrosion (right branch)
 l - a ring of willpower
 v - the ring "Juocavon" (left branch) {rPois rF- rN++ MP+9 Stlth+}
   (You found it on level 4 of the Dungeon)

   [ring of magical power]

   rF:        It makes you vulnerable to fire.
   rPois:     It protects you from poison.
   rN:        It greatly protects you from negative energy.
   MP:        It affects your magic capacity (+9).
   Stlth:     It makes you more stealthy.
 y - a ring of protection from cold
 C - a +6 ring of strength
Talismans
 c - a beast talisman
Wands
 s - a wand of paralysis (13)
 t - a wand of flame (16)
 x - a wand of mindburst (12)
 B - a wand of polymorph (12)
Scrolls
 d - 2 scrolls of vulnerability (quivered) {unknown}
 f - 7 scrolls of identify {unknown}
 j - a scroll of brand weapon {unknown}
 k - a scroll of enchant weapon {unknown}
 m - a scroll of enchant armour {unknown}
 n - 2 scrolls of teleportation {unknown}
 o - a scroll of noise {unknown}
 p - 3 scrolls of blinking {unknown}
 r - a scroll of fear {unknown}
Potions
 b - a potion of lignification
 e - 2 potions of heal wounds {unknown}
 g - 5 potions of curing {unknown}
 i - 2 potions of mutation {unknown}
 q - a potion of might {unknown}
 u - a potion of magic {unknown}
 w - a potion of enlightenment {unknown}
 z - a potion of attraction {unknown}
 A - a potion of brilliance {unknown}


   Skills:
 + Level 4.2 Fighting
 + Level 4.5 Dodging
 + Level 6.3 Unarmed Combat
 + Level 5.6 Shapeshifting


You had 7 spell levels left.
You didn't know any spells.
Your spell library was empty.

Dungeon Overview and Level Annotations

Branches:
Dungeon (6/15)
 Temple: D:4-7

Altars:
Ru
Sif Muna

Annotations:
D:5 Pikel


Innate Abilities, Weirdness & Mutations

You are a tree.
Your roots penetrate the ground, keeping you stationary.
You cannot be teleported.
You are immune to unholy pain and torment.
Your maximum health is greatly increased.
Your equipment is partially melded.
You are too large for most types of armour.
((You have claws for hands.))
Your natural rate of healing is unusually fast.
((You are covered in fur. (AC +1)))
((You have tough skin. (AC +1)))


Message History

You claw Pikel!
Pikel is moderately wounded.
The lemure hits you.
You claw Pikel!
Pikel is severely wounded.
Pikel hits you with a +2 whip of electrocution.
The lemure hits you. The lemure closely misses you.
You scratch Pikel.
Pikel is severely wounded.
Pikel closely misses you. The lemure hits you but does no damage.
The lemure hits you.
You closely miss Pikel.
Pikel is severely wounded.
Pikel barely misses you. The lemure hits you!
You closely miss Pikel.
Pikel is severely wounded.
The lemure hits you!
Pikel hits you with a +2 whip of electrocution.
* * * LOW HITPOINT WARNING * * *
The lemure hits you.
* * * LOW HITPOINT WARNING * * *
You closely miss Pikel.
Pikel is severely wounded.
The lemure closely misses you.
Pikel hits you with a +2 whip of electrocution.
* * * LOW HITPOINT WARNING * * *
The lemure hits you.
* * * LOW HITPOINT WARNING * * *
You closely miss Pikel.
Pikel is severely wounded.
The lemure hits you but does no damage.
Pikel hits you with a +2 whip of electrocution.
* * * LOW HITPOINT WARNING * * *
The lemure hits you!
* * * LOW HITPOINT WARNING * * *
Your transformation has ended.
You turn into a tree.
Your +0 animal skin melds into your body.
Your roots penetrate the ground.
The lemure hits you!
You die...

##....#.....### #..##[##......##
## #.....##..##...# #.
###....###...#...# ###.
#......).#.......####..#
##..........##......#...
###...##.####.......... ##..####
##.....#### ######..♣5.# ##..#..#
#. ##......K5..## #..##..####
#............###.......# #
##.................##..###
#.........................
#####....#..................[.
###.....##....................#.
##........#...................###
#...........###...............###


You could see Pikel and 2 lemures.

Vanquished Creatures
  An orc warrior (D:6)
  A sky beast (D:6)
  2 black bears
  2 ogres (D:5)
  A centaur (D:6)
  2 scorpions
  2 howler monkeys (D:6)
  4 hounds
  3 jellies
  2 orc priests (D:3)
  A sleepcap (D:5)
  2 iguanas
  Ijyb (D:5)
  6 orc wizards
  Natasha (thrice) (D:4)
  4 adders
  2 shadow imps
  A worm (D:3)
  A dart slug (D:4)
  14 orcs
  4 bats
  5 endoplasms
  7 giant cockroaches
  5 goblins
  5 hobgoblins
  5 jackals
  7 kobolds
  4 quokkas
  6 ball pythons
  5 frilled lizards
  5 rats
  A spectral kobold (D:1)
114 creatures vanquished.

Notes
Turn   | Place    | Note
-------+----------+-------------------------------------------
     0 | D:1      | Dordric the Troll Shapeshifter began the quest for the Orb.
     0 | D:1      | Reached XP level 1. HP: 18/18 MP: 0/0
   112 | D:1      | Reached XP level 2. HP: 24/26 MP: 1/1
   438 | D:1      | Found a faded altar of an unknown god.
   729 | D:1      | Reached XP level 3. HP: 32/32 MP: 2/2
  1592 | D:2      | Reached skill level 1 in Fighting
  1743 | D:3      | Reached XP level 4. HP: 41/41 MP: 3/3
  1760 | D:3      | Reached skill level 4 in Unarmed Combat
  1771 | D:3      | Reached XP level 5. HP: 33/48 MP: 4/4
  1805 | D:3      | You fall into a shaft and drop 2 floors!
  1805 | D:5      | Entered Level 5 of the Dungeon
  1811 | D:5      | Noticed Ijyb
  1826 | D:5      | Killed Ijyb
  1882 | D:5      | Noticed an ogre
  1888 | D:5      | Killed an ogre
  1889 | D:5      | Reached XP level 6. HP: 30/57 MP: 5/5
  2459 | D:3      | Reached skill level 5 in Unarmed Combat
  2459 | D:3      | Reached XP level 7. HP: 19/66 MP: 6/6
  2574 | D:4      | Identified the ring "Juocavon" {rPois rF- rN++ MP+9 Stlth+}
  2847 | D:4      | Noticed Natasha
  2851 | D:4      | Killed Natasha
  3096 | D:4      | Noticed Natasha
  3101 | D:4      | Killed Natasha
  3249 | D:4      | Noticed Natasha
  3255 | D:4      | Killed Natasha
  4598 | D:5      | Reached skill level 5 in Shapeshifting
  4992 | D:6      | Reached XP level 8. HP: 64/75 MP: 7/7
  5016 | D:6      | Found a sacrificial altar of Ru.
  5017 | D:6      | Found a shimmering blue altar of Sif Muna.
  5078 | D:6      | Reached skill level 6 in Unarmed Combat
  5244 | D:6      | Noticed Pikel
  5298 | D:5      | HP: 2/78 [lemure[Pikel] (8)]
  5299 | D:5      | Slain by a lemure

Illustrated notes

Levels and vault maps discovered:
D:1:      eino_arrival_tree_alley, layout_basic,
          dreamdust_ecumenical_altar_drowned_temple
D:2:      minmay_general_purpose_star, layout_basic
D:3:      layout_basic
D:4:      layout_rooms, uniq_natasha
D:5:      layout_cave_pools, uniq_ijyb
D:6:      layout_basic, gammafunk_temple_overflow_statue,
          minmay_misc_feat_square, hangedman_decor_lopped, dk_vineyard_3,
          uniq_pikel

Skill      XL: |  1  2  3  4  5  6  7  8 |
---------------+-------------------------+-----
Fighting       | 1 2 3 4 |  4.2
Dodging        | 2 3 4 |  4.5
Unarmed Combat | 4 5 6 |  6.3
Shapeshifting  | 4 5 |  5.6

Action                     |  1- 3 |  4- 6 |  7- 9 || total
---------------------------+-------+-------+-------++-------
  Melee: Unarmed           |   102 |    99 |   104 ||   305
         Punch             |       |     3 |     1 ||     4
    Use: Potion            |       |       |     1 ||     1
   Stab: Sleeping          |     1 |       |     2 ||     3
 Armour: Animal skin       |    51 |    21 |    30 ||   102
  Dodge: Dodged            |    36 |    58 |    60 ||   154

Table legend: (Time is in decaauts)
 A = Elapsed time spent in this place.
 B = Non-inter-level travel time spent in this place.
 C = Inter-level travel time spent in this place.
 D = Time resting spent in this place.
 E = Time spent auto-exploring this place.
 F = Levels seen in this place.
 G = Mean time per level.
                   A        B        C        D        E       F      G
               +--------+--------+--------+--------+--------+-----+--------+
         Total |   5273 |   5139 |    134 |   1666 |   2791 |   6 |  878.8 |
       Dungeon |   5273 |   5139 |    134 |   1666 |   2791 |   6 |  878.8 |
               +--------+--------+--------+--------+--------+-----+--------+

Top non-repeatable levels by time:
     D:4: 2093 daAuts
     D:1: 824 daAuts
     D:2: 809 daAuts
     D:3: 639 daAuts
     D:5: 594 daAuts
     D:6: 312 daAuts
